 Dungeon Crawl Stone Soup version 0.30-a0-824-g6c64550be9 (webtiles) character file.

Game seed: 6499901384659402895

110 cforsyth the Sneak (level 5, -1/32 HPs)
             Began as a Kobold Brigand on Feb 27, 2023.
             Killed by nerve-wracking pain
             ... invoked by an orc priest
              (7 damage)
             ... on level 3 of the Dungeon.
             The game lasted 00:02:44 (2540 turns).

cforsyth the Sneak (Kobold Brigand)                 Turns: 2540, Time: 00:02:45

Health: -1/32      AC:  3    Str:  8    XL:     5   Next: 14%
Magic:  5/5        EV: 15    Int: 12    God:
Gold:   136        SH:  0    Dex: 19    Spells: 4/4 levels left

rFire   . . .      SeeInvis .    a - +2 dagger
rCold   . . .      Faith    .    (no shield)
rNeg    . . .      Spirit   .    b - +0 robe
rPois   .          Reflect  .    (no helmet)
rElec   .          Harm     .    c - +0 cloak
rCorr   .          Rampage  .    (no gloves)
Will    .....                    (no boots)
Stlth   ++++                     (no amulet)
HPRegen 0.25/turn                (no ring)
MPRegen 0.09/turn                (no ring)

@: no status effects
A: small, no large weapons, nightstalker 3
a: no special abilities


You were on level 3 of the Dungeon.
You visited 1 branch of the dungeon, and saw 3 of its levels.

You collected 136 gold pieces.

Inventory:

Hand Weapons
 a - a +2 dagger (weapon)
Missiles
 d - 9 poisoned darts (quivered)
 e - 3 curare-tipped darts
Armour
 b - a +0 robe (worn)
 c - a +0 cloak (worn)
Jewellery
 j - a ring of positive energy
 k - a ring of fire
Scrolls
 f - 3 scrolls of identify {unknown}
 h - 2 scrolls of vulnerability {unknown}
 m - a scroll of enchant armour {unknown}
 n - a scroll of amnesia {unknown}
 q - a scroll of teleportation {unknown}
 s - a scroll of immolation {unknown}
 u - a scroll of blinking {unknown}
Potions
 g - 3 potions of curing {unknown}
 i - a potion of heal wounds {unknown}
 l - a potion of invisibility {unknown}
 o - a potion of flight {unknown}
 p - 3 potions of degeneration {unknown}
 r - a potion of brilliance {unknown}
 t - a potion of attraction {unknown}


   Skills:
 + Level 3.2 Fighting
 + Level 4.1 Short Blades
 - Level 2.1 Throwing
 + Level 2.8 Dodging
 + Level 6.2 Stealth


You had 4 spell levels left.
You didn't know any spells.
Your spell library contained the following spells:

 Spells                   Type           Power      Damage    Failure   Level
 Summon Small Mammal      Summ           0%         N/A       32%         1
 Ensorcelled Hibernation  Hex/Ice        0%         N/A       45%         2
 Passwall                 Tmut/Erth      0%         N/A       45%         2
 Gell's Gravitas          Tloc           0%         N/A       69%         3
 Summon Guardian Golem    Hex/Summ       0%         N/A       69%         3
 Swiftness                Air            0%         N/A       69%         3
 Teleport Other           Tloc           0%         N/A       69%         3
 Dispersal                Tloc           0%         N/A       100%        6
 Monstrous Menagerie      Summ           0%         N/A       100%        7
 Summon Horrible Things   Summ           0%         N/A       100%        8


Dungeon Overview and Level Annotations

Branches:
Dungeon (3/15)

Altars:

Annotations:
D:3 3 runed translucent doors


Innate Abilities, Weirdness & Mutations

You are small and have problems with some larger weapons.
You are completely attuned to the shadows.


Message History

You kill the orc!
You hit the orc but do no damage. The orc barely misses you.
You hit the orc.
The orc is moderately wounded.
You hit the orc.
The orc is severely wounded.
The orc hits you with a +0 hand axe.
You hit the orc.
The orc is almost dead.
The orc hits you with a +0 hand axe.
The orc priest miscasts a cantrip.
You hit the orc.
You kill the orc!
The orc priest barely misses you.
You hit the orc priest but do no damage.
The orc hits you but does no damage.
The orc priest hits you with a +0 hand axe.
You hit the orc priest.
The orc priest is lightly wounded.
You hit the orc priest.
The orc priest is heavily wounded.
The orc hits you with a +0 mace. The orc priest barely misses you.
You hit the orc priest.
The orc priest is heavily wounded.
The orc hits you with a +0 mace. The orc priest barely misses you.
You are too injured to fight recklessly!
You are too injured to fight recklessly!
You are too injured to fight recklessly!
You are too injured to fight recklessly!
You are too injured to fight recklessly!
You hit the orc priest.
The orc priest is severely wounded.
The orc hits you with a +0 mace.
You completely miss the orc priest.
The orc priest is severely wounded.
The orc hits you with a +0 mace.
* * * LOW HITPOINT WARNING * * *
The orc priest invokes the aid of Beogh against you.
Pain shoots through your body!
You die...

#...... #....<.
#...... #......
#.####. #.###. . #.#
#. ...... .. #.# #.
...#o##..# #.# #.
#..o@o... #.# #.
#.#.###### #.# #.
#...#....# #.# #.
#........# #.# #.
#....#...# #.# #.
....#####.######.#####
.................##...
.# ..#...........'...
....#.#########...


You could see an orc priest and 2 orcs.

Vanquished Creatures
  A gnoll (D:1)
  4 adders
  A worm (D:2)
  A dart slug (D:3)
  2 orcs (D:3)
  8 bats
  5 endoplasms
  A giant cockroach (D:1)
  3 goblins
  5 hobgoblins
  2 jackals (D:1)
  2 quokkas (D:1)
  8 ball pythons
  4 frilled lizards
  7 kobolds
  6 rats
60 creatures vanquished.

Notes
Turn   | Place    | Note
-------+----------+-------------------------------------------
     0 | D:1      | cforsyth the Kobold Brigand began the quest for the Orb.
     0 | D:1      | Reached XP level 1. HP: 12/12 MP: 1/1
   101 | D:1      | Reached XP level 2. HP: 18/18 MP: 2/2
   413 | D:1      | Reached XP level 3. HP: 22/22 MP: 3/3
  1306 | D:2      | Reached XP level 4. HP: 25/27 MP: 4/4
  1545 | D:2      | Got Cegurghinoi's Cyclopedia of Assembling
  1950 | D:3      | Found a runed translucent gate.
  1952 | D:3      | Reached skill level 6 in Stealth
  1952 | D:3      | Found a runed translucent gate.
  1953 | D:3      | Found a runed translucent gate.
  2425 | D:3      | Reached XP level 5. HP: 30/32 MP: 5/5
  2439 | D:3      | Identified the +1 dagger of Moderation {flame, *Noise rN+
                  | Str+3}
  2540 | D:3      | Killed from afar by an orc priest

Illustrated notes

Levels and vault maps discovered:
D:1:      psy_arrival_statuary, layout_loops_corners
D:2:      layout_basic
D:3:      layout_basic, gammafunk_ghost_icy, minmay_misc_feat_roman,
          hangedman_decor_lopped, hangedman_decor_clover_reticule

Skill      XL: |  1  2  3  4 |
---------------+-------------+-----
Short Blades   | 3 4 |  4.1
Dodging        | 2 |  2.8
Fighting       | 3 |  3.2
Stealth        | 6 |  6.2
Throwing       | |  2.1

Action                     |  1- 3 |  4- 6 || total
---------------------------+-------+-------++-------
  Melee: Dagger            |    66 |   100 ||   166
   Stab: Sleeping          |    17 |    13 ||    30
         Distracted        |       |     1 ||     1
 Armour: Robe              |    12 |     8 ||    20
  Dodge: Dodged            |    49 |    51 ||   100

Table legend: (Time is in decaauts)
 A = Elapsed time spent in this place.
 B = Non-inter-level travel time spent in this place.
 C = Inter-level travel time spent in this place.
 D = Time resting spent in this place.
 E = Time spent auto-exploring this place.
 F = Levels seen in this place.
 G = Mean time per level.
                   A        B        C        D        E       F      G
               +--------+--------+--------+--------+--------+-----+--------+
         Total |   2511 |   2445 |     66 |      0 |   2090 |   3 |  837.0 |
       Dungeon |   2511 |   2445 |     66 |      0 |   2090 |   3 |  837.0 |
               +--------+--------+--------+--------+--------+-----+--------+

Top non-repeatable levels by time:
     D:1: 1079 daAuts
     D:2: 816 daAuts
     D:3: 615 daAuts
